 Dungeon Crawl Stone Soup version 0.21.1-1-g345015f (webtiles) character file.

58 Fang the Skirmisher (level 4, 0/29 HPs)
             Began as a Gargoyle Berserker on June 7, 2018.
             Was a Follower of Trog.
             Killed from afar by a white imp (6 damage)
             ... with a puff of frost
             ... summoned by Natasha
             ... on level 2 of the Dungeon on June 8, 2018.
             The game lasted 00:02:20 (1084 turns).

Fang the Skirmisher (Gargoyle Berserker)            Turns: 1084, Time: 00:02:22

Health: 0/29       AC:  5    Str: 21    XL:     4   Next: 2%
Magic:  4/4        EV: 12    Int:  8    God:    Trog [*.....]
Gold:   30         SH:  0    Dex:  9    Spells: 3/3 levels left

rFire    . . .     SeeInvis .   a - +0 hand axe
rCold    . . .     Gourm    .   (no shield)
rNeg     + . .     Faith    .   b - +0 animal skin
rPois    ∞         Spirit   .   (no helmet)
rElec    +         Reflect  .   (no cloak)
rCorr    .         Harm     .   (no gloves)
MR       .....                  (no boots)
Stlth    +.........             (no amulet)
HPRegen  0.09/turn              (no ring)
MPRegen  0.09/turn              (no ring)

@: berserk cooldown, slowed, very slow
A: negative energy resistance 1, electricity resistance, unbreathing,
petrification resistance, rot immunity, AC +3
a: Berserk, Burn Spellbooks, Renounce Religion


You were on level 2 of the Dungeon.
You worshipped Trog.
Trog was aware of your devotion.
You were very hungry.

You visited 1 branch of the dungeon, and saw 2 of its levels.

You collected 30 gold pieces.

Inventory:

Hand Weapons
 a - a +0 hand axe (weapon)
Armour
 b - a +0 animal skin (worn)
Scrolls
 d - a scroll of fog {unknown}
 e - a scroll of remove curse {unknown}
 f - a scroll of amnesia {unknown}
 g - 2 scrolls of noise {unknown}
 h - a scroll of teleportation {unknown}
 k - a scroll of blinking {unknown}
Potions
 i - 2 potions of curing {unknown}
 j - a potion of mutation {unknown}
Comestibles
 c - a ration


   Skills:
 + Level 3.8 Fighting
 + Level 3.5 Axes
 + Level 2.3 Armour
 + Level 2.1 Dodging
 + Level 0.2 Stealth


You had 3 spell levels left.
You didn't know any spells.

Dungeon Overview and Level Annotations

Branches:
Dungeon (2/15)

Altars:

Annotations:
D:2 Natasha


Innate Abilities, Weirdness & Mutations

You are resistant to torment.
Your stone body is resilient. (AC +3)
You are immune to poison.
You resist negative energy. (rN+)
You are resistant to electric shocks. (rElec)
You can survive without breathing.
You are immune to petrification.
You are immune to rotting.


Message History

Natasha misses you. Natasha barely misses you.
You closely miss Natasha.
Natasha is almost dead.
Natasha barely misses you.
You barely miss Natasha.
Natasha is almost dead.
Natasha barely misses you.
Natasha casts a spell.
You closely miss Natasha.
Natasha is almost dead.
Natasha mumbles some strange words.
Natasha casts a spell at you. The magic dart hits you!
* * * LOW HITPOINT WARNING * * *
You hit Natasha but do no damage.
Natasha is almost dead.
You hit the crimson imp but do no damage.
Natasha closely misses you. The crimson imp misses you.
The white imp gestures at you. The puff of frost hits you!
You die...

#####...# ....).....# .#
#...# ..........# .#
#######... ..........# #.#
#.........
..........###.###.........
...............##.........
...............##.........
.........55...............
.........@h...............
..........................
.#........................
.>########................
. ####.###......... ...#
########## #####


You could see Natasha, a crimson imp and a white imp.

Vanquished Creatures
  Natasha (D:2)
  An ooze (D:1)
  3 dart slugs
  A leopard gecko (D:1)
  3 bats (D:1)
  A goblin (D:1)
  4 hobgoblins
  A ball python (D:1)
  2 frilled lizards (D:1)
  3 kobolds
  4 rats (D:1)
24 creatures vanquished.

Vanquished Creatures (others)
  A kobold (D:1)
1 creature vanquished.

Grand Total: 25 creatures vanquished

Notes
Turn   | Place    | Note
-------+----------+-------------------------------------------
     0 | D:1      | Fang the Gargoyle Berserker began the quest for the Orb.
     0 | D:1      | Reached XP level 1. HP: 14/14 MP: 1/1
     2 | D:1      | Noticed a halfling
     2 | D:1      | Noticed a gargoyle
     4 | D:1      | Noticed a draconian
     6 | D:1      | Noticed a centaur
     6 | D:1      | Noticed a demonspawn
     8 | D:1      | Noticed a human
     8 | D:1      | Noticed an elf
    10 | D:1      | Noticed a naga
    10 | D:1      | Noticed a dwarf
    12 | D:1      | Noticed a formicid
    12 | D:1      | Noticed a minotaur
    14 | D:1      | Noticed an octopode
    14 | D:1      | Noticed an ogre
    16 | D:1      | Noticed a vine stalker
    18 | D:1      | Noticed a tengu
    18 | D:1      | Noticed a demigod
    20 | D:1      | Noticed a merfolk
    20 | D:1      | Noticed a vampire
    22 | D:1      | Noticed a felid
    22 | D:1      | Noticed a spriggan
    24 | D:1      | Noticed a ghoul
    24 | D:1      | Noticed a troll
    86 | D:1      | Reached XP level 2. HP: 14/19 MP: 2/2
   772 | D:1      | Reached XP level 3. HP: 24/24 MP: 3/3
  1059 | D:2      | Noticed Natasha
  1067 | D:2      | Killed Natasha
  1067 | D:2      | Reached XP level 4. HP: 29/29 MP: 4/4
  1073 | D:2      | Noticed Natasha
  1084 | D:2      | Killed from afar by a white imp

Skill      XL: |  1  2  3 |
---------------+----------+-----
Axes           | 3 |  3.5
Dodging        | 2 |  2.1
Fighting       | |  3.8
Armour         | |  2.3
Stealth        | |  0.2

Action                   |  1- 3 |  4- 6 || total
-------------------------+-------+-------++-------
Melee: Hand axe          |    73 |     6 ||    79
Invok: Berserk           |     2 |       ||     2
 Stab: Sleeping          |     1 |       ||     1
  Eat: Chunk             |     1 |       ||     1
Armor: Animal skin       |    40 |       ||    40
Dodge: Dodged            |    73 |     7 ||    80
